 Dungeon Crawl Stone Soup version 0.29.1-2-gbd0b4ee654 (webtiles) character file.

Game seed: 9951618783177463082

12556 wingedge the Basher (level 11, -3/95 HPs)
             Began as a Demigod Fighter on Nov 27, 2022.
             Slain by a reaper
             ... wielding a +2 scythe of freezing
              (24 damage)
             ... in an ice cave.
             The game lasted 00:39:22 (13089 turns).

wingedge the Basher (Demigod Fighter)              Turns: 13089, Time: 00:39:23

Health: -3/95      AC: 17    Str: 17    XL:     11   Next: 37%
Magic:  17/21      EV: 11    Int: 22    God:
Gold:   679        SH:  5    Dex: 17    Spells: 9/18 levels left

rFire   . . .      SeeInvis .   a - +11 mace of Dithmenos, Flying {venom, rElec rC+ Dex+4}
rCold   + + .      Faith    .   c - +0 buckler
rNeg    . . .      Spirit   .   Q - +0 scale mail {rC+}
rPois   +          Reflect  .   (no helmet)
rElec   +          Harm     .   B - +2 cloak
rCorr   .          Rampage  .   j - +2 pair of gloves
Will    +....                   i - +2 pair of boots
Stlth   ..........              (no amulet)
HPRegen 0.25/turn               w - ring of wizardry
MPRegen 0.17/turn               P - ring of poison resistance

@: liquefying, slowed movement, very slow
A: high MP 1, forlorn, divine attributes
a: no special abilities


You were in an ice cave.
You visited 2 branches of the dungeon, and saw 11 of its levels.
You also visited: Ice Cave.

You collected 679 gold pieces.

Inventory:

Hand Weapons
 a - the +11 mace of Dithmenos, Flying (weapon) {venom, rElec rC+ Dex+4}
   (You found it on level 4 of the Dungeon)

   It poisons the flesh of those it strikes.
   Dex:       It affects your dexterity (+4).
   rC:        It protects you from cold.
   rElec:     It insulates you from electricity.
 h - a +2 whip of holy wrath
 y - a +0 great mace
 K - a +3 dire flail
 R - a +0 morningstar
Missiles
 l - a throwing net
 s - 7 javelins (quivered)
 C - 11 boomerangs
 J - 2 silver boomerangs
Armour
 c - a +0 buckler (worn)
 i - a +2 pair of boots (worn)
 j - a +2 pair of gloves (worn)
 z - a +0 ring mail of poison resistance
 B - a +2 cloak (worn)
 Q - a +0 scale mail of cold resistance (worn)
Magical Staves
 p - a staff of poison
Jewellery
 w - a ring of wizardry (left hand)
 P - a ring of poison resistance (right hand)
 T - an amulet of reflection
Wands
 d - a wand of paralysis (3)
 n - a wand of iceblast (18)
 u - a wand of polymorph (8)
 E - a wand of flame (21)
 I - a wand of mindburst (29)
 S - a wand of light (5)
Scrolls
 b - a scroll of enchant weapon
 e - a scroll of torment
 f - a scroll of silence
 o - 3 scrolls of immolation
 q - a scroll of amnesia {unknown}
 t - 2 scrolls of butterflies
 v - 9 scrolls of teleportation
 x - 4 scrolls of vulnerability
 N - a scroll of poison {unknown}
Potions
 g - 2 potions of mutation {unknown}
 k - 2 potions of ambrosia
 m - 3 potions of flight
 r - a potion of magic {unknown}
 A - 2 potions of attraction {unknown}
 F - a potion of degeneration {unknown}
 G - 2 potions of cancellation {unknown}
 H - 3 potions of haste {unknown}
 L - a potion of brilliance
 O - 2 potions of curing


   Skills:
 + Level 8.4 Fighting
 + Level 8.5 Maces & Flails
 - Level 4.0 Polearms
 + Level 5.0 Throwing
 + Level 6.8 Armour
 - Level 4.0 Dodging
 - Level 3.0 Shields
 + Level 4.1 Spellcasting
 + Level 3.3 Hexes
 - Level 1.0 Ice Magic
 + Level 3.3 Earth Magic
 + Level 3.4 Evocations


You had 9 spell levels left.
You knew the following spells:

 Your Spells              Type           Power      Damage    Failure   Level
a - Tukima's Dance        Hex            19%        N/A       13%         3
b - Ensorcelled Hibernat  Hex/Ice        28%        N/A       11%         2
c - Leda's Liquefaction   Hex/Erth       9%         N/A       38%         4

Your spell library contained the following spells:

 Spells                   Type           Power      Damage    Failure   Level
 Sandblast                Erth           38%        2d10      4%          1
 Passwall                 Tmut/Erth      9%         N/A       13%         2
 Apportation              Tloc           8%         N/A       17%         1
 Necrotise                Necr           16%        1d4       17%         1
 Summon Small Mammal      Summ           16%        N/A       17%         1
 Portal Projectile        Hex/Tloc       22%        N/A       26%         3
 Conjure Flame            Conj/Fire      4%         6-21      45%         3
 Ignite Poison            Fire/Tmut/Pois 4%         N/A       45%         3
 Spider Form              Tmut/Pois      4%         N/A       45%         3
 Swiftness                Air            4%         N/A       45%         3
 Vampiric Draining        Necr           4%         2d6       45%         3
 Anguish                  Hex/Necr       5%         N/A       61%         4
 Lee's Rapid Deconstruct  Erth           9%         3d8*      73%         5
 Sticky Flame             Conj/Fire      4%         2d3       83%         4
 Agony                    Necr           4%         N/A       99%         5


Dungeon Overview and Level Annotations

Branches:
Dungeon (10/15)            Temple (0/1) D:4            Lair (1/5) D:8
    Orc (0/2) D:10          IceCv (1/1)

Portals:
Abyss: D:6


Innate Abilities, Weirdness & Mutations

You have an increased reservoir of magic. (+10% MP)
You shall have no god before yourself.
Your divine heritage dramatically boosts your attributes as you level up.


Message History

The reaper closely misses you.
You hit the cane toad simulacrum.
The cane toad simulacrum is severely damaged.
The cane toad simulacrum closely misses you.
The reaper hits you from afar with a +2 scythe of freezing.
You barely miss the cane toad simulacrum.
The cane toad simulacrum is severely damaged.
You block the reaper's attack. The cane toad simulacrum hits you!
The cane toad simulacrum freezes you. You resist.
You thump the cane toad simulacrum!
The cane toad simulacrum vaporises!
The reaper misses you.
You hit the reaper but do no damage. The reaper hits you but does no damage.
Okay, then.
Okay, then.
Casting: Ensorcelled Hibernation (safe; 11% risk of failure)
Confirm with . or Enter, or press ? or * to list all spells.
Aiming: Tukima's Dance (dangerous; 13% risk of failure)
Press: ? - help, Shift-Dir - straight line, f - reaper
Aim: a reaper, wielding a +2 scythe of freezing (chance to affect: 2%)
Okay, then.
Casting: Tukima's Dance (dangerous; 13% risk of failure)
Confirm with . or Enter, or press ? or * to list all spells.
The ground around you becomes liquefied!
The reaper hits you but does no damage.
You hit the reaper.
The reaper is lightly wounded.
The reaper hits you with a +2 scythe of freezing.
You hit the reaper but do no damage.
The reaper is lightly wounded.
The reaper becomes momentarily stuck in the liquid earth.
You barely miss the reaper.
The reaper is lightly wounded.
The reaper shouts, "You must die NOW!"
The reaper hits you with a +2 scythe of freezing!!
* * * LOW HITPOINT WARNING * * *
The reaper freezes you.
* * * LOW HITPOINT WARNING * * *
The reaper hits you with a +2 scythe of freezing!!
You die...

#..#...# #..##
#.## ###...##
##..# ##.#
#..##### #..#
##.#
#.####.####.##
##..#
#..##..)#
#..###..##
##.##.⌠.#
##..#...#
#.....)#
#.....##
##..#.##
##....#
#####@##
##...# ##.##2#
#..## #2Z#.##
#.####
#...Z..#.##
##.#.##
[$#.Z2Z#.#
##.#.#
#...#### ##.##
##.# ### ##


You could see a reaper (struggling).

Vanquished Creatures
  2 two-headed ogres
  An ugly thing (D:6)
  The ghost of funnyparkerb the Conjurer, a novice DsCj (D:6)
  A black mamba (Lair:1)
  An ice statue (IceCv)
  Psyche (D:9)
  A komodo dragon (Lair:1)
  A kobold demonologist (D:10)
  An anaconda simulacrum (IceCv)
  Grinder (D:3)
  A troll (D:9)
  A hornet (D:8)
  A vampire (D:10)
  A shadow (D:10)
  A dire elephant simulacrum (IceCv)
  2 steam dragons
  17 yaks
  A harpy simulacrum (IceCv)
  A hydra simulacrum (IceCv)
  Duvessa (D:5)
  An ice beast (D:7)
  5 orc warriors
  4 ogres
  2 centaurs
  4 kobold brigands
  A phantom (D:4)
  3 bullfrogs
  2 two-headed ogre simulacra (IceCv)
  2 scorpions
  2 necrophages
  A cane toad simulacrum (IceCv)
  15 wights
  Dowan (D:5)
  A killer bee (D:8)
  3 elephant simulacra
  6 howler monkeys
  A crimson imp (D:6)
  A quasit (D:6)
  4 gnoll boudas
  6 hounds
  A jelly (D:6)
  7 orc priests
  Natasha (thrice) (D:2)
  12 orc wizards
  Terence (D:2)
  An iguana (D:4)
  5 spriggan simulacra (IceCv)
  3 wolf simulacra
  17 gnolls
  4 naga simulacra (IceCv)
  8 adders
  2 shadow imps
  3 white imps
  2 ufetubi (IceCv)
  5 worms
  A dart slug (D:3)
  42 orcs
  4 ball pythons
  10 endoplasms
  2 giant cockroaches
  9 hobgoblins
  2 jackals (D:2)
  A quokka (D:2)
  6 bats
  2 frilled lizards
  10 goblins
  15 kobolds
  3 rats
  A spectral hobgoblin (D:3)
285 creatures vanquished.

Vanquished Creatures (others)
  A kobold (D:8)
  A fungus (Lair:1)
  3 plants (Lair:1)
5 creatures vanquished.

Grand Total: 290 creatures vanquished

Notes
Turn   | Place    | Note
-------+----------+-------------------------------------------
     0 | D:1      | wingedge the Demigod Fighter began the quest for the Orb.
     0 | D:1      | Reached XP level 1. HP: 18/18 MP: 3/3
   275 | D:1      | Reached XP level 2. HP: 25/25 MP: 4/4
   576 | D:2      | Noticed Natasha
   583 | D:2      | Killed Natasha
   584 | D:2      | Reached XP level 3. HP: 31/31 MP: 5/5
   655 | D:2      | Noticed Natasha
   669 | D:2      | Killed Natasha
   854 | D:2      | Noticed Natasha
   859 | D:2      | Killed Natasha
   860 | D:2      | Reached XP level 4. HP: 38/38 MP: 6/6
  1202 | D:2      | Noticed Terence
  1213 | D:2      | Killed Terence
  1403 | D:2      | Reached XP level 5. HP: 45/47 MP: 7/7
  1786 | D:3      | Noticed Grinder
  1786 | D:3      | Paralysed by Grinder for 4 turns
  2093 | D:3      | Killed Grinder
  2094 | D:3      | Reached skill level 5 in Fighting
  2094 | D:3      | Reached XP level 6. HP: 41/56 MP: 8/8
  2768 | D:3      | Reached skill level 1 in Dodging
  2997 | D:4      | Found a staircase to the Ecumenical Temple.
  3010 | D:4      | Reached skill level 1 in Spellcasting
  3010 | D:4      | Reached XP level 7. HP: 36/61 MP: 9/11
  3216 | D:4      | Identified the +11 mace of Dithmenos, Flying {venom, rElec
                  | rC+ Dex+4}
  3409 | D:4      | Reached skill level 1 in Maces & Flails
  3616 | D:5      | Entered Level 5 of the Dungeon
  3623 | D:5      | Noticed Duvessa
  3623 | D:5      | Noticed Dowan
  3633 | D:5      | Killed Duvessa
  3635 | D:5      | Killed Dowan
  4054 | D:5      | Identified the +0 scale mail of the Uplifting Gods {Harm}
  4209 | D:5      | Reached XP level 8. HP: 70/70 MP: 12/12
  4280 | D:5      | Reached skill level 1 in Throwing
  4758 | D:6      | Found a transporter.
  4764 | D:6      | Found a transporter.
  4764 | D:6      | Noticed a green ugly thing
  4767 | D:6      | Noticed funnyparkerb's ghost (novice DsCj)
  4782 | D:6      | Killed a green ugly thing
  4783 | D:6      | Reached skill level 5 in Maces & Flails
  4821 | D:6      | Killed funnyparkerb's ghost
  4822 | D:6      | Reached skill level 5 in Armour
  5129 | D:6      | Found a one-way gate to the infinite horrors of the Abyss.
  5325 | D:6      | Reached XP level 9. HP: 72/79 MP: 13/13
  5809 | D:6      | Got the Monograph on Spelunking and Imprecation
  6302 | D:7      | Reached skill level 1 in Hexes
  6420 | D:7      | Reached skill level 1 in Earth Magic
  7062 | D:7      | Learned a level 3 spell: Tukima's Dance
  7257 | D:8      | Found a staircase to the Lair.
  7637 | D:8      | Noticed a two-headed ogre
  7643 | D:8      | Killed a two-headed ogre
  7644 | D:8      | Reached XP level 10. HP: 67/86 MP: 16/16
  7931 | D:8      | Learned a level 2 spell: Ensorcelled Hibernation
  9067 | D:9      | Reached skill level 1 in Ice Magic
  9067 | D:9      | Reached skill level 1 in Evocations
  9366 | D:9      | Noticed Psyche
  9701 | D:9      | Learned a level 4 spell: Leda's Liquefaction
  9795 | D:9      | Killed Psyche
 10138 | D:9      | Noticed a two-headed ogre
 10144 | D:9      | Killed a two-headed ogre
 10337 | D:10     | Entered Level 10 of the Dungeon
 10899 | D:10     | Found a staircase to the Orcish Mines.
 11145 | D:10     | Found Izishruk's Weapon Boutique.
 11191 | D:10     | Reached XP level 11. HP: 93/94 MP: 20/20
 11521 | Lair:1   | Entered Level 1 of the Lair of Beasts
 11933 | Lair:1   | Found a frozen archway.
 11956 | IceCv    | Entered an ice cave
 12537 | IceCv    | Reached skill level 5 in Throwing
 13072 | IceCv    | Noticed a reaper
 13089 | IceCv    | Slain by a reaper

Illustrated notes

Levels and vault maps discovered:
D:1:      dpeg_arrival_solitude, layout_basic,
          shapermc_ecumenical_altar_notcrosses
D:2:      layout_basic, uniq_natasha, uniq_terence
D:3:      layout_basic, elyvilon_altar_5,
          nicolae_hepliaklqana_monster_ancestors, lemuel_round_altar,
          minivault_11, hangedman_decor_points, corexii_item_surrounded_by_moat,
          uniq_grinder
D:4:      layout_cave_pools, overflow_temple_1_default,
          kennysheep_orc_sif_temple, minmay_temple_entry_sparse_star,
          feat_on_display
D:5:      layout_loops_ring, kennysheep_decorative_pillar, minmay_ogre_servants,
          uniq_duvessa
D:6:      cheibrodos_iron_armory, layout_cave_pods,
          gammafunk_ghost_abyssal_escape, water_boxes_lemuel
D:7:      layout_cave_pools, kennysheep_mini
D:8:      minmay_spotlight, layout_loops_ring, mainiacjoe_overflow_24_doors,
          lemuel_coloured_pillars_altar, old_standard_altar,
          gammafunk_temple_overflow_forgotten
D:9:      layout_cave_pods, vehumet_crystals, uniq_psyche
D:10:     layout_basic, mainiacjoe_overflow_surrounded_room,
          minmay_orc_entry_temple_small, serial_shops, nicolae_shop_crystal
Lair:1:   layout_roguey, portal_ice_cave_entry_ice_simulacra
IceCv:    ice_cave_caverns_01

Skill      XL: |  1  2  3  4  5  6  7  8  9 10 11 |
---------------+----------------------------------+-----
Polearms       | 2 3 4 |  4.0
Fighting       | 3 4 5 6 7 8 |  8.4
Armour         | 3 4 5 6 |  6.8
Shields        | 3 |  3.0
Dodging        | 2 3 4 |  4.0
Spellcasting   | 1 2 3 4 |  4.1
Maces & Flails | 4 5 7 8 |  8.5
Throwing       | 3 4 5 |  5.0
Hexes          | 2 3 |  3.3
Earth Magic    | 2 3 |  3.3
Ice Magic      | 1 |  1.0
Evocations     | 2 3 |  3.4

Action                   |  1- 3 |  4- 6 |  7- 9 | 10-12 || total
-------------------------+-------+-------+-------+-------++-------
Melee: Spear             |    46 |   197 |    21 |       ||   264
       Trident           |       |    13 |       |       ||    13
       Mace              |       |       |   283 |   359 ||   642
Throw: Throwing net      |       |     1 |     1 |     1 ||     3
       Javelin           |       |       |     5 |     7 ||    12
       Boomerang         |       |       |       |     1 ||     1
 Cast: Ensorcelled Hiber |       |       |       |     2 ||     2
       Leda's Liquefacti |       |       |       |     1 ||     1
Evoke: Wand              |       |       |     3 |     5 ||     8
  Use: Potion            |     1 |       |     6 |     4 ||    11
       Scroll            |       |       |     9 |    11 ||    20
 Stab: Paralysed         |       |       |     4 |       ||     4
       Held in net/web   |       |       |       |     1 ||     1
       Sleeping          |       |       |       |     1 ||     1
Armor: Scale mail        |     8 |     6 |       |   132 ||   146
       Ring mail         |       |    33 |   104 |    14 ||   151
       Skin              |       |       |       |     2 ||     2
Dodge: Dodged            |     4 |    49 |   146 |   150 ||   349
Block: Buckler           |     3 |    20 |    85 |    71 ||   179
